| TOP OF THE 1ST |
|
New York Yankees batting - Pitching for Texas Rangers : LHP Fernando Valenzuela
|
|
Pitching: LHP Fernando Valenzuela
|
|
|
Batting: LHB Wade Boggs
|
0-0: Called Strike 0-1: Foul Ball, location: 2F 0-2: Ball 1-2: Strikes out swinging
|
|
Batting: SHB Willie Wilson
|
0-0: Swinging Strike 0-1: Ball 1-1: SINGLE (Line Drive, 7S, EV 105.0 MPH)
|
|
Batting: LHB Kent Hrbek
|
0-0: Ball 1-0: Ball 2-0: Ball 3-0: Called Strike 3-1: Base on Balls Willie Wilson to second
|
|
Batting: LHB George Kaage
|
0-0: Foul Ball, location: 2F 0-1: Reached on error, E3 (Groundball, 3, EV 109.4 MPH) Willie Wilson to third Kent Hrbek to second
|
|
Batting: RHB Pedro Guerrero
|
0-0: Foul Ball, location: 2F 0-1: Ball 1-1: Foul Ball, location: 2F 1-2: Foul Ball, location: 2F 1-2: Ball 2-2: Ball 3-2: Reached on error, E6 (Line Drive, 6, EV 67.5 MPH) Willie Wilson scores Kent Hrbek to third George Kaage to second
|
|
Batting: LHB Mario Cabrera
|
0-0: Called Strike 0-1: Swinging Strike 0-2: Strikes out swinging
|
|
Batting: RHB Rod Allen
|
0-0: SINGLE (Line Drive, 89M, EV 90.6 MPH) Kent Hrbek scores George Kaage to third Pedro Guerrero to second Throwing error, E9 George Kaage scores Pedro Guerrero to third Rod Allen to second
|
|
Batting: LHB Ron Hassey
|
0-0: Ball 1-0: Foul Ball, location: 2F 1-1: Ball 2-1: Swinging Strike 2-2: Fly out, F9 (Flyball, 9LD, EV 106.9 MPH)
|
| Top of the 1st over - 3 runs, 2 hits, 3 errors, 2 left on base; New York 3 - Texas 0 |
| BOTTOM OF THE 1ST |
|
Texas Rangers batting - Pitching for New York Yankees : RHP Paul Moskau
|
|
Pitching: RHP Paul Moskau
|
|
|
Batting: LHB Lenny Dykstra
|
0-0: Swinging Strike 0-1: Swinging Strike 0-2: Ball 1-2: Ball 2-2: Fly out, F7 (Flyball, 78S, EV 77.5 MPH)
|
|
Batting: RHB Kirby Puckett
|
0-0: Swinging Strike 0-1: Foul Ball, location: 2F 0-2: Strikes out swinging
|
|
Batting: RHB Steve Garvey
|
0-0: Ground out 6-3 (Groundball, 6, EV 98.1 MPH)
|
| Bottom of the 1st over - 0 runs, 0 hits, 0 errors, 0 left on base; New York 3 - Texas 0 |
| TOP OF THE 2ND |
|
New York Yankees batting - Pitching for Texas Rangers : LHP Fernando Valenzuela
|
|
Batting: RHB Emanuel Cortez
|
0-0: Called Strike 0-1: Ball 1-1: Swinging Strike 1-2: Ball 2-2: Ground out 4-3 (Groundball, 4, EV 81.9 MPH)
|
|
Batting: LHB Wade Boggs
|
0-0: Called Strike 0-1: Foul Ball, location: 2F 0-2: Ball 1-2: Foul Ball, location: 2F 1-2: SINGLE (Groundball, 6D, EV 94.4 MPH)
|
|
Batting: SHB Willie Wilson
|
0-0: Called Strike 0-1: Called Strike 0-2: Ball Pickoff Throw by Catcher to First - Error! E2 Wade Boggs to second 1-2: TRIPLE (Flyball, 9LD, EV 97.5 MPH) Wade Boggs scores
|
|
Batting: LHB Kent Hrbek
|
0-0: Fly out, F8 (Flyball, 8LS, EV 88.8 MPH)
|
|
Batting: LHB George Kaage
|
0-0: Called Strike 0-1: Ball Steal of home, Willie Wilson is safe 1-1: Foul Ball, location: 2F 1-2: Fly out, F9 (Flyball, 89M, EV 85.0 MPH)
|
| Top of the 2nd over - 2 runs, 2 hits, 1 error, 0 left on base; New York 5 - Texas 0 |
| BOTTOM OF THE 2ND |
|
Texas Rangers batting - Pitching for New York Yankees : RHP Paul Moskau
|
|
Batting: RHB Steve Balboni
|
0-0: Called Strike 0-1: Called Strike 0-2: Ball 1-2: Ball 2-2: Strikes out swinging
|
|
Batting: LHB Jody Helser
|
0-0: Ball 1-0: Ball 2-0: Called Strike 2-1: Foul Ball, location: 2F 2-2: Ground out 4-3 (Groundball, 4, EV 84.4 MPH)
|
|
Batting: RHB Rich Dauer
|
0-0: Fly out, F9 (Line Drive, 89M, EV 86.9 MPH)
|
| Bottom of the 2nd over - 0 runs, 0 hits, 0 errors, 0 left on base; New York 5 - Texas 0 |
| TOP OF THE 3RD |
|
New York Yankees batting - Pitching for Texas Rangers : LHP Fernando Valenzuela
|
|
Batting: RHB Pedro Guerrero
|
0-0: Fly out, F7 (Flyball, 7LS, EV 94.4 MPH)
|
|
Batting: LHB Mario Cabrera
|
0-0: Ground out 5-3 (Groundball, 56, EV 88.8 MPH)
|
|
Batting: RHB Rod Allen
|
0-0: Swinging Strike 0-1: Foul Ball, location: 2F 0-2: SINGLE (Line Drive, 8RS, EV 90.6 MPH)
|
|
Batting: LHB Ron Hassey
|
0-0: Ball 1-0: Called Strike 1-1: Called Strike Rod Allen steals 2nd base 1-2: Ground out 3-1 (Groundball, 34, EV 82.5 MPH)
|
| Top of the 3rd over - 0 runs, 1 hit, 0 errors, 1 left on base; New York 5 - Texas 0 |
| BOTTOM OF THE 3RD |
|
Texas Rangers batting - Pitching for New York Yankees : RHP Paul Moskau
|
|
Batting: LHB Ernie Whitt
|
0-0: Called Strike 0-1: Ball 1-1: Foul Ball, location: 2F 1-2: Fly out, F8 (Flyball, 78D, EV 86.9 MPH)
|
|
Batting: RHB Kim Andrew
|
0-0: Ball 1-0: Called Strike 1-1: Called Strike 1-2: Fly out, F8 (Flyball, 8RD, EV 97.5 MPH)
|
|
Batting: RHB Juan Samuel
|
0-0: Ball 1-0: Ball 2-0: Foul Ball, location: 2F 2-1: Fly out, F9 (Line Drive, 9D, EV 98.1 MPH)
|
| Bottom of the 3rd over - 0 runs, 0 hits, 0 errors, 0 left on base; New York 5 - Texas 0 |
| TOP OF THE 4TH |
|
New York Yankees batting - Pitching for Texas Rangers : LHP Fernando Valenzuela
|
|
Batting: RHB Emanuel Cortez
|
0-0: Ball 1-0: Ground out U3 (Groundball, 34, EV 81.3 MPH)
|
|
Batting: LHB Wade Boggs
|
0-0: Ball 1-0: Ball 2-0: Ball 3-0: Base on Balls
|
|
Batting: SHB Willie Wilson
|
0-0: Fielders Choice at 2nd, 5-4 (Groundball, 56, EV 90.0 MPH)
|
|
Batting: LHB Kent Hrbek
|
0-0: Ball 1-0: SINGLE (Groundball, 5D, EV 95.6 MPH) Willie Wilson to second Runner from 2nd tries for 3rd, SAFE, no throw by LF
|
|
Batting: LHB George Kaage
|
0-0: Ball 1-0: Swinging Strike 1-1: Foul Ball, location: 2F 1-2: Strikes out swinging
|
| Top of the 4th over - 0 runs, 1 hit, 0 errors, 2 left on base; New York 5 - Texas 0 |
| BOTTOM OF THE 4TH |
|
Texas Rangers batting - Pitching for New York Yankees : RHP Paul Moskau
|
|
Batting: LHB Lenny Dykstra
|
0-0: Called Strike 0-1: SINGLE (Line Drive, 7S, EV 91.9 MPH)
|
|
Batting: RHB Kirby Puckett
|
0-0: Ball 1-0: Ball 2-0: Ball 3-0: Base on Balls Lenny Dykstra to second
|
|
Batting: RHB Steve Garvey
|
0-0: Grounds into double play, 6-4-3 (Groundball, 6M, EV 98.1 MPH) Lenny Dykstra to third
|
|
Batting: RHB Steve Balboni
|
0-0: Ball 1-0: Ball 2-0: Swinging Strike 2-1: Ball 3-1: Foul Ball, location: 2F 3-2: Foul Ball, location: 2F 3-2: Base on Balls
|
|
Batting: LHB Jody Helser
|
0-0: Fly out, F6 (Flyball, 6D, EV 88.8 MPH)
|
| Bottom of the 4th over - 0 runs, 1 hit, 0 errors, 2 left on base; New York 5 - Texas 0 |
| TOP OF THE 5TH |
|
New York Yankees batting - Pitching for Texas Rangers : LHP Fernando Valenzuela
|
|
Batting: RHB Pedro Guerrero
|
0-0: Foul Ball, location: 2F 0-1: Foul Ball, location: 2F 0-2: Strikes out swinging
|
|
Batting: LHB Mario Cabrera
|
0-0: Called Strike 0-1: Called Strike 0-2: Fly out, F7 (Flyball, 7LM, EV 76.9 MPH)
|
|
Batting: RHB Rod Allen
|
0-0: Called Strike 0-1: Called Strike 0-2: Fly out, F7 (Flyball, 7D, EV 103.1 MPH)
|
| Top of the 5th over - 0 runs, 0 hits, 0 errors, 0 left on base; New York 5 - Texas 0 |
| BOTTOM OF THE 5TH |
|
Texas Rangers batting - Pitching for New York Yankees : RHP Paul Moskau
|
|
Batting: RHB Rich Dauer
|
0-0: Ball 1-0: Called Strike 1-1: Ball 2-1: Swinging Strike 2-2: Foul Ball, location: 2F 2-2: Foul Ball, location: 2F 2-2: Fly out, F8 (Line Drive, 8RD, EV 91.9 MPH)
|
|
Batting: LHB Ernie Whitt
|
0-0: Ball 1-0: Foul Ball, location: 2F 1-1: Foul Ball, location: 2F 1-2: Strikes out swinging
|
|
Batting: RHB Kim Andrew
|
0-0: Fly out, F9 (Line Drive, 9D, EV 93.8 MPH)
|
| Bottom of the 5th over - 0 runs, 0 hits, 0 errors, 0 left on base; New York 5 - Texas 0 |
| TOP OF THE 6TH |
|
New York Yankees batting - Pitching for Texas Rangers : LHP Fernando Valenzuela
|
|
Batting: LHB Ron Hassey
|
0-0: Ball 1-0: Ball 2-0: Foul Ball, location: 2F 2-1: Foul Ball, location: 2F 2-2: Ball 3-2: Foul Ball, location: 2F 3-2: Strikes out swinging
|
|
Batting: RHB Emanuel Cortez
|
0-0: Ball 1-0: Ball 2-0: Ground out 6-3 (Groundball, 6, EV 90.6 MPH)
|
|
Batting: LHB Wade Boggs
|
0-0: SINGLE (Line Drive, 6M, EV 96.3 MPH)
|
|
Batting: SHB Willie Wilson
|
0-0: Ball Pickoff Throw to First - Out! 1-3
|
| Top of the 6th over - 0 runs, 1 hit, 0 errors, 0 left on base; New York 5 - Texas 0 |
| BOTTOM OF THE 6TH |
|
Texas Rangers batting - Pitching for New York Yankees : RHP Paul Moskau
|
|
Batting: RHB Juan Samuel
|
0-0: Ball 1-0: Ball 2-0: Called Strike 2-1: Swinging Strike 2-2: Foul Ball, location: 2F 2-2: Fly out, F4 (Flyball, 4D, EV 90.6 MPH)
|
|
Batting: LHB Lenny Dykstra
|
0-0: SINGLE (Line Drive, 7S, EV 105.6 MPH)
|
|
Batting: RHB Kirby Puckett
|
0-0: Called Strike Lenny Dykstra steals 2nd base 0-1: DOUBLE (Flyball, 8LXD, EV 100.6 MPH) Lenny Dykstra scores
|
|
Batting: RHB Steve Garvey
|
0-0: Ball 1-0: Ground out 6-3 (Groundball, 6M, EV 108.8 MPH) Kirby Puckett to third
|
|
Batting: RHB Steve Balboni
|
0-0: Ball 1-0: Foul Ball, location: 2F 1-1: Ball 2-1: Foul Ball, location: 2F 2-2: Fly out, F9 (Flyball, 9D, EV 105.0 MPH)
|
| Bottom of the 6th over - 1 run, 2 hits, 0 errors, 1 left on base; New York 5 - Texas 1 |
| TOP OF THE 7TH |
|
New York Yankees batting - Pitching for Texas Rangers : LHP Fernando Valenzuela
|
|
Batting: SHB Willie Wilson
|
0-0: Ball 1-0: DOUBLE (Line Drive, 89D, EV 104.4 MPH)
|
|
Batting: LHB Kent Hrbek
|
0-0: Ball 1-0: Ball 2-0: Foul Ball, location: 2F 2-1: Foul Ball, location: 2F 2-2: Strikes out looking
|
|
Batting: LHB George Kaage
|
0-0: Called Strike Willie Wilson steals 3rd base (no throw) 0-1: Foul Ball, location: 2F 0-2: Foul Ball, location: 2F 0-2: Fly out, F9 (Flyball, 9S, EV 90.0 MPH) Runner from 3rd tags up, SCORES, throw by RF
|
|
Pitching: RHP Ed Lynch
|
|
|
Batting: RHB Pedro Guerrero
|
0-0: Called Strike 0-1: Ball 1-1: Swinging Strike 1-2: Foul Ball, location: 2F 1-2: Foul Ball, location: 2F 1-2: Fly out, F4 (Popup, 3S, EV 80.6 MPH)
|
| Top of the 7th over - 1 run, 1 hit, 0 errors, 0 left on base; New York 6 - Texas 1 |
| BOTTOM OF THE 7TH |
|
Texas Rangers batting - Pitching for New York Yankees : RHP Paul Moskau
|
|
Batting: LHB Jody Helser
|
0-0: Ball 1-0: Fly out, F7 (Flyball, 7LD, EV 87.5 MPH)
|
|
Batting: RHB Rich Dauer
|
0-0: Swinging Strike 0-1: Ball 1-1: Foul Ball, location: 2F 1-2: Ground out 5-3 (Groundball, 56, EV 100.6 MPH)
|
|
Batting: LHB Ernie Whitt
|
0-0: Ball 1-0: Fly out, F7 (Flyball, 7, EV 83.1 MPH)
|
| Bottom of the 7th over - 0 runs, 0 hits, 0 errors, 0 left on base; New York 6 - Texas 1 |
| TOP OF THE 8TH |
|
New York Yankees batting - Pitching for Texas Rangers : RHP Ed Lynch
|
|
Batting: LHB Mario Cabrera
|
0-0: Called Strike 0-1: Swinging Strike 0-2: SOLO HOME RUN (Flyball, 9D, EV 96.9 MPH), Distance : 377 ft
|
|
Batting: RHB Rod Allen
|
0-0: Called Strike 0-1: Called Strike 0-2: Ball 1-2: Ball 2-2: Foul Ball, location: 2F 2-2: Ball 3-2: Strikes out looking
|
|
Batting: LHB Ron Hassey
|
0-0: Called Strike 0-1: Ball 1-1: Foul Ball, location: 2F 1-2: Ball 2-2: Ball 3-2: Fly out, F2 (Popup, 5SF, EV 80.0 MPH)
|
|
Batting: RHB Emanuel Cortez
|
0-0: Ball 1-0: Ball 2-0: Called Strike 2-1: Ground out 6-3 (Groundball, 6, EV 87.5 MPH)
|
| Top of the 8th over - 1 run, 1 hit, 0 errors, 0 left on base; New York 7 - Texas 1 |
| BOTTOM OF THE 8TH |
|
Texas Rangers batting - Pitching for New York Yankees : RHP Paul Moskau
|
|
Batting: RHB Kim Andrew
|
0-0: Foul Ball, location: 2F 0-1: Ball 1-1: Swinging Strike 1-2: Ball 2-2: SINGLE (Line Drive, 89M, EV 96.9 MPH)
|
|
Batting: RHB Juan Samuel
|
0-0: Fly out, F8 (Flyball, 8RM, EV 84.4 MPH)
|
|
Batting: LHB Lenny Dykstra
|
0-0: Called Strike 0-1: SINGLE (Line Drive, 34D, EV 107.5 MPH) Kim Andrew to second Runner from 2nd tries for 3rd, SAFE, no throw by RF
|
|
Batting: RHB Kirby Puckett
|
0-0: Called Strike 0-1: Foul Ball, location: 2F 0-2: Foul Ball, location: 2F 0-2: Strikes out swinging
|
|
Batting: RHB Steve Garvey
|
0-0: Ball 1-0: Called Strike 1-1: Foul Ball, location: 2F 1-2: Fly out, F9 (Flyball, 9S, EV 88.1 MPH)
|
| Bottom of the 8th over - 0 runs, 2 hits, 0 errors, 2 left on base; New York 7 - Texas 1 |
| TOP OF THE 9TH |
|
New York Yankees batting - Pitching for Texas Rangers : RHP Ed Lynch
|
|
Batting: LHB Wade Boggs
|
0-0: Ball 1-0: Fly out, F7 (Flyball, 78M, EV 92.5 MPH)
|
|
Batting: SHB Willie Wilson
|
0-0: Fly out, F9 (Line Drive, 9, EV 88.8 MPH)
|
|
Batting: LHB Kent Hrbek
|
0-0: Fly out, F9 (Line Drive, 9, EV 85.6 MPH)
|
| Top of the 9th over - 0 runs, 0 hits, 0 errors, 0 left on base; New York 7 - Texas 1 |
| BOTTOM OF THE 9TH |
|
Texas Rangers batting - Pitching for New York Yankees : RHP Paul Moskau
|
|
Batting: RHB Steve Balboni
|
0-0: Ball 1-0: Called Strike 1-1: Swinging Strike 1-2: Ball 2-2: Strikes out swinging
|
|
Batting: LHB Jody Helser
|
0-0: Called Strike 0-1: SINGLE (Groundball, 34D, EV 95.6 MPH)
|
|
Batting: RHB Rich Dauer
|
0-0: Swinging Strike 0-1: Called Strike 0-2: Ball 1-2: Ball 2-2: Ball 3-2: Base on Balls Jody Helser to second
|
|
Pitching: RHP Manny Sarmiento
|
|
|
Batting: LHB Ernie Whitt
|
0-0: Called Strike 0-1: Ball 1-1: Ball 2-1: Ball 3-1: Called Strike 3-2: Base on Balls Jody Helser to third Rich Dauer to second
|
|
Batting: RHB Kim Andrew
|
0-0: Ball 1-0: Called Strike 1-1: Ball 2-1: Called Strike 2-2: Ball 3-2: Grounds into double play, 4-6-3 (Groundball, 4, EV 99.4 MPH)
|
| Bottom of the 9th over - 0 runs, 1 hit, 0 errors, 2 left on base; New York 7 - Texas 1 |
|